 Dungeon Crawl Stone Soup version 0.31-a0-355-g57cb03d3e8 (webtiles) character file.

Game seed: 5385511093966675583

15 shakesphere1979 the Caller (level 2, 0/20 HPs)
             Began as a Hill Orc Summoner on July 25, 2023.
             Succumbed to an adder's poison
             ... on level 1 of the Dungeon.
             The game lasted 00:02:47 (698 turns).

shakesphere1979 the Caller (Hill Orc Summoner)       Turns: 698, Time: 00:02:48

Health: 0/20       AC:  3    Str: 10    XL:     2   Next: 50%
Magic:  3/4        EV: 12    Int: 15    God:
Gold:   49         SH:  0    Dex: 11    Spells: 3/4 levels left

rFire   + . .        c - +0 club
rCold   + . .        (no shield)
rNeg    . . .        a - +0 robe
rPois   +            (no helmet)
rElec   +            (no cloak)
rCorr   +            (no gloves)
SInv    .            f - +0 pair of boots
Will    .....        (no amulet)
Stlth   ++           (no ring)
HPRegen 0.23/turn    (no ring)
MPRegen 0.09/turn

%: no passive effects
@: lethally poisoned (0 -> -4), resistant
A: no striking features
a: no special abilities


You were on level 1 of the Dungeon.
You visited 1 branch of the dungeon, and saw 2 of its levels.

You collected 49 gold pieces.

Inventory:

Hand Weapons
 c - a +0 club (weapon)
Missiles
 d - 13 stones
Armour
 a - a +0 robe (worn)
 f - a +0 pair of boots (worn)
Scrolls
 e - 4 scrolls of identify {unknown}
 g - a scroll of poison {unknown}
 h - a scroll of revelation {unknown}
Potions
 b - a potion of magic


   Skills:
 + Level 1.8 Dodging
 + Level 1.9 Stealth
 + Level 1.8 Spellcasting
 + Level 4.1 Summonings


You had 3 spell levels left.
You knew the following spells:

 Your Spells              Type           Power      Damage    Failure   Level
a - Summon Small Mammal   Summ           52%        N/A       4%          1

Your spell library contained the following spells:

 Spells                   Type           Power      Damage    Failure   Level
 Call Imp                 Summ           26%        N/A       6%          2
 Call Canine Familiar     Summ           13%        N/A       12%         3
 Apportation              Tloc           2%         N/A       22%         1
 Summon Guardian Golem    Hex/Summ       7%         N/A       28%         3
 Summon Lightning Spire   Summ/Air       7%         N/A       67%         4
 Alistair's Intoxication  Tmut/Pois      0%         N/A       99%         5


Dungeon Overview and Level Annotations

Branches:
Dungeon (2/15)

Altars:


Message History

You hit the adder but do no damage.
You feel sick.
Your bat barely misses the adder.
Your bat hits the adder but does no damage.
The adder closely misses you.
Your rat misses the adder. You barely miss the adder.
You feel sick.
Your bat hits the adder. The adder completely misses you.
The goblin hits your bat with a +4 dagger.
Your bat dies!
Your bat's corpse disappears in a puff of smoke!
Your rat misses the adder. The adder barely misses you.
You closely miss the adder.
The adder is lightly wounded.
You feel sick.
Your rat barely misses the adder.
The adder closely misses you.
Your rat bites the adder.
The adder bites you.
You feel sick.
You are no longer poisoned.
The endoplasm barely misses your rat. The adder bites you but does no damage.
The goblin hits you with a +4 dagger.
Your rat completely misses the adder.
You climb upwards.
Your summoned ally is left behind.
There is a stone staircase leading down here.
You hit the goblin.
The goblin is severely wounded.
The adder barely misses you. The goblin hits you but does no damage.
The adder bites you.
* * * LOW HITPOINT WARNING * * *
You hit the goblin.
You kill the goblin!
The adder bites you.
* * * LOW HITPOINT WARNING * * *
The adder attacks as you move away! The adder barely misses you.
The adder bites you.
* * * LOW HITPOINT WARNING * * *
You are lethally poisoned!
The adder poisons you!
Things that are here:
a +4 dagger; a goblin corpse
Okay, then.
It was a potion of resistance.
You feel protected.
You die...

####.......#
#....#####.#
#.#### #.######
##.# ###......#
...# #.....##.#
.### #.###.##.#
P########.# #.##.#
P#........###.##S#
P#............##@#
P#.......#.......#
P#.......#.##.#.##
P#.......#.##.#.#
P#.......#.#..#.#
P#.......#.#.##.#
P#########.#.##.#
P### #......#
P#.#########.####


You could see an adder.

Vanquished Creatures
  A ball python (D:1)
  3 frilled lizards
  A goblin (D:1)
  2 kobolds (D:1)
  2 rats (D:1)
9 creatures vanquished.

Vanquished Creatures (collateral kills)
  A dart slug (D:1)
  A goblin (D:1)
  A hobgoblin (D:1)
  A quokka (D:1)
  A ball python (D:1)
  A frilled lizard (D:1)
6 creatures vanquished.

Grand Total: 15 creatures vanquished

Notes
Turn   | Place    | Note
-------+----------+-------------------------------------------
     0 | D:1      | shakesphere1979 the Hill Orc Summoner began the quest for
                  | the Orb.
     0 | D:1      | Reached XP level 1. HP: 14/14 MP: 3/3
   413 | D:1      | Reached XP level 2. HP: 20/20 MP: 2/4
   697 | D:1      | HP: 1/20 [adder (3)]
   698 | D:1      | Succumbed to an adder's poison

Illustrated notes

Levels and vault maps discovered:
D:1:      eino_arrival_tree_alley, layout_loops_cross, minmay_box_of_dots
D:2:      layout_loops_ring, uniq_terence

Action                     || total
---------------------------++-------
  Melee: Club              ||    42
   Cast: Summon Small Mamm ||     9
    Use: Potion            ||     1
   Stab: Sleeping          ||     2
 Armour: Robe              ||    12
  Dodge: Dodged            ||    30

Table legend: (Time is in decaauts)
 A = Elapsed time spent in this place.
 B = Non-inter-level travel time spent in this place.
 C = Inter-level travel time spent in this place.
 D = Time resting spent in this place.
 E = Time spent auto-exploring this place.
 F = Levels seen in this place.
 G = Mean time per level.
                   A        B        C        D        E       F      G
               +--------+--------+--------+--------+--------+-----+--------+
         Total |    710 |    680 |     30 |      0 |    507 |   2 |  355.0 |
       Dungeon |    710 |    680 |     30 |      0 |    507 |   2 |  355.0 |
               +--------+--------+--------+--------+--------+-----+--------+

Top non-repeatable levels by time:
     D:1: 699 daAuts
     D:2: 11 daAuts
